 Dungeon Crawl Stone Soup version 0.22-a0-271-gc000056 (webtiles) character file.

546 nikopol the Magician (level 7, -10/36 HPs)
             Began as a Deep Elf Fire Elementalist on Mar 13, 2018.
             Killed by divine providence
             ... invoked by an orc priest
              (14 damage)
             ... on level 4 of the Dungeon.
             The game lasted 00:11:29 (4145 turns).

nikopol the Magician (Deep Elf Fire Elementalist)   Turns: 4145, Time: 00:11:29

Health: -10/36     AC:  2    Str:  5    XL:     7   Next: 6%
Magic:  0/18       EV: 13    Int: 22    God:
Gold:   247        SH:  0    Dex: 15    Spells: 8/18 levels left

rFire    . . .     SeeInvis .   f - +0 short sword (elec)
rCold    . . .     Gourm    .   (no shield)
rNeg     . . .     Faith    .   t - +0 robe (curse)
rPois    .         Spirit   .   (no helmet)
rElec    .         Reflect  .   (no cloak)
rCorr    .         Harm     .   (no gloves)
MR       .....                  (no boots)
Stlth    +++.......             (no amulet)
HPRegen  0.12/turn              (no ring)
MPRegen  0.16/turn              (no ring)

@: very slightly contaminated
A: no striking features
a: no special abilities


You were on level 4 of the Dungeon.
You were not hungry.

You visited 1 branch of the dungeon, and saw 4 of its levels.

You collected 247 gold pieces.

Inventory:

Hand Weapons
 f - a +0 short sword of electrocution (weapon)
Armour
 a - a +0 robe
 t - a cursed +0 robe (worn)
Wands
 m - a wand of digging (9)
 o - a wand of random effects (30)
Scrolls
 d - 4 scrolls of identify {unknown}
 e - 3 scrolls of teleportation {unknown}
 g - 2 scrolls of immolation {unknown}
 h - a scroll of random uselessness {unknown}
 i - 3 scrolls of remove curse {unknown}
 k - a scroll of enchant armour {unknown}
 n - a scroll of fear {unknown}
 s - a scroll of magic mapping {unknown}
 u - a scroll of fog {unknown}
Potions
 b - a potion of invisibility {unknown}
 j - 4 potions of heal wounds {unknown}
 l - a potion of flight {unknown}
 p - 3 potions of curing {unknown}
 q - a potion of degeneration {unknown}
Comestibles
 c - 6 rations
 r - a chunk of flesh


   Skills:
 + Level 2.5 Dodging
 + Level 3.7 Stealth
 + Level 6.0 Spellcasting
 + Level 4.4 Conjurations
 + Level 5.6 Fire Magic


You had 8 spell levels left.
You knew the following spells:

 Your Spells              Type           Power        Failure   Level  Hunger
a - Flame Tongue          Conj/Fire      ####.        1%          1    None
b - Throw Flame           Conj/Fire      ####..       1%          2    None
c - Conjure Flame         Conj/Fire      ####....     3%          3    #......
d - Sticky Flame          Conj/Fire      ####....     11%         4    ###....


Dungeon Overview and Level Annotations

Branches:
Dungeon (4/15)
 Temple: D:4-7

Altars:
Okawaru


Message History

Confirm with . or Enter, or press ? or * to list all spells.
Aiming: Flame Tongue (safe; 1% risk of failure)
Press: ? - help, Shift-Dir - straight line, f/p - orc priest
Aim: an orc priest, wielding a hand axe The flame tongue hits the orc priest.
The orc priest is moderately wounded.
The orc priest calls down the wrath of Beogh upon you.
Beogh smites you!
Casting: Flame Tongue (safe; 1% risk of failure)
Confirm with . or Enter, or press ? or * to list all spells.
Aiming: Flame Tongue (safe; 1% risk of failure)
Press: ? - help, Shift-Dir - straight line, f/p - orc priest
Aim: an orc priest, wielding a hand axe (moderately wounded)
The flame tongue misses the orc priest. x2
The orc priest calls down the wrath of Beogh upon you.
Beogh smites you!
* * * LOW HITPOINT WARNING * * *
The orc priest mumbles some strange prayers to Beogh against you.
Beogh smites you!
You die...

## .# +#### ....#
....####### .
>.........############....
................@..§oo....
....######.###########....
....# #.## . ....# #..#
....# ##.## ....# #..#
...## ##.## ##+# #..# ##.#


You could see 2 orc priests.

Vanquished Creatures
  The ghost of Nib the Covered, an amateur MiFi (D:3)
  The ghost of B1inky the Slasher, an amateur TeMo (D:4)
  A hound (D:4)
  An orc wizard (D:3)
  A bullfrog skeleton (D:4)
  Ijyb (D:2)
  2 worker ants (D:4)
  3 adders (D:2)
  2 oozes
  An adder skeleton (D:3)
  2 worms (D:2)
  4 leopard geckos
  6 orcs
  8 bats
  7 giant cockroaches
  17 goblins
  7 hobgoblins
  2 ball pythons
  2 frilled lizards
  11 kobolds
  A leopard gecko skeleton (D:4)
  7 rats
88 creatures vanquished.

Notes
Turn   | Place    | Note
-------+----------+-------------------------------------------
     0 | D:1      | nikopol the Deep Elf Fire Elementalist began the quest for the Orb.
     0 | D:1      | Reached XP level 1. HP: 10/10 MP: 6/6
   423 | D:1      | Reached XP level 2. HP: 15/15 MP: 4/8
   591 | D:1      | You fall through a shaft!
   843 | D:1      | Reached XP level 3. HP: 19/19 MP: 6/10
   976 | D:1      | Reached skill level 4 in Spellcasting
  1203 | D:2      | Noticed Ijyb
  1628 | D:2      | Learned a level 2 spell: Throw Flame
  1632 | D:2      | Learned a level 3 spell: Conjure Flame
  1882 | D:2      | Reached XP level 4. HP: 24/24 MP: 7/12
  1892 | D:2      | Learned a level 4 spell: Sticky Flame
  2267 | D:2      | Killed Ijyb
  2676 | D:3      | Noticed Nib's ghost (amateur MiFi)
  3061 | D:3      | Reached XP level 5. HP: 17/28 MP: 1/14
  3505 | D:3      | Killed Nib's ghost
  3505 | D:3      | Reached skill level 5 in Spellcasting
  3505 | D:3      | Reached XP level 6. HP: 32/32 MP: 0/16
  3915 | D:3      | Found an iron altar of Okawaru.
  4043 | D:4      | Reached skill level 5 in Fire Magic
  4130 | D:4      | Noticed B1inky's ghost (amateur TeMo)
  4138 | D:4      | Killed B1inky's ghost
  4138 | D:4      | Reached skill level 6 in Spellcasting
  4138 | D:4      | Reached XP level 7. HP: 36/36 MP: 4/18
  4145 | D:4      | Killed from afar by an orc priest

Vault maps used:
D:1:      sevenhm_arrival_forest_fort_small_3
D:2:      kennysheep_the_goblin_king, minivault_27, minmay_joined_circles
D:3:      first_ration, hex_medium, kennysheep_okawaru_gauntlet
D:4:      tgw_fedhas, nicolae_overflow_crystal_walls,
          grunt_temple_overflow_open, uniq_blork_the_orc

Skill      XL: |  1  2  3  4  5  6 |
---------------+-------------------+-----
Fire Magic     | 4 5 |  5.6
Spellcasting   | 4 5 6 |  6.0
Conjurations   | 3 4 |  4.4
Stealth        | 3 |  3.7
Dodging        | |  2.5

Action                   |  1- 3 |  4- 6 |  7- 9 || total
-------------------------+-------+-------+-------++-------
Melee: Short sword       |       |     1 |       ||     1
 Cast: Flame Tongue      |    70 |   104 |     5 ||   179
       Throw Flame       |       |     7 |       ||     7
       Conjure Flame     |       |     4 |       ||     4
       Sticky Flame      |       |     4 |       ||     4
  Eat: Chunk             |     2 |     8 |       ||    10
Armor: Robe              |     7 |     4 |       ||    11
Dodge: Dodged            |    17 |    24 |       ||    41

Table legend:
 A = Spawn XP
 B = Non-spawn XP
 C = Spawn XP percentage of total XP
 D = Spawn monster count
 E = Non-spawn monster count
 F = Spawn count percentage of total count
 G = Total turns spent on level
                    A         B        C        D         E        F      G
               +---------+---------+-------+---------+---------+-------+---------
         Total |       0 |     781 |   0.0 |       0 |      88 |   0.0 |  4145
               +---------+---------+-------+---------+---------+-------+---------
           D:1 |       0 |      48 |   0.0 |       0 |      25 |   0.0 |  1277
           D:2 |       0 |     126 |   0.0 |       0 |      32 |   0.0 |  1664
           D:3 |       0 |     293 |   0.0 |       0 |      22 |   0.0 |  1057
           D:4 |       0 |     314 |   0.0 |       0 |       9 |   0.0 |   147
               +---------+---------+-------+---------+---------+-------+---------
